Map: Shrines of Lizul

Players

chaejin

  • Race: Zerg Zerg
  • Spawn Location: 9:00

llllllllllll

  • Race: Terran Terran
  • League: Platinum
  • Spawn Location: 6:00

SOIBOI - Winner!

  • Race: Protoss Protoss
  • Spawn Location: 12:00

PureLegacy - Winner!

  • Race: Terran Terran
  • Spawn Location: 3:00

VOD

Have the link to the VOD?

Description

Time

  • Played on: Nov. 23, 2018, 11:26 a.m.
  • Length: 5:19
Show
View Real Time Build Order
Export as new Build Order

chaejin Zerg 

Build Orders: 1 Base Baneling Bust, Pool First 

Get SALT Encoding   

  12  0:01  Drone  
  13  0:08  Drone  
  14  0:17  Extractor  
  14  0:18  Drone  
  14  0:35  Spawning Pool  
  14  0:36  Drone  
  14  0:50  Overlord  
  14  1:09  Drone  
  14  1:10  Drone x2  
  17  1:24  Drone  
  18  1:28  Metabolic Boost  
  18  1:29  Queen  
  20  1:44  Zergling x4  
  22  1:56  Baneling Nest  
  21  2:03  Zergling x2  
  21  2:05  Overlord  
  22  2:29  Zergling x4  
  24  2:30  Hatchery  
  24  2:35  Zergling x2  
  24  2:39  Zergling x4  
  24  2:40  Zergling x2  
  27  2:53  Zergling x2  
  23  3:43  Zergling x8  
  23  3:47  Spine Crawler  
  21  3:50  Zergling x2  
  22  4:02  Spine Crawler  
  21  4:04  Zergling x2  
  22  4:20  Zergling x6  
  22  4:21  Zergling x2  
  24  4:31  Baneling x4  
  19  4:32  Baneling x2  
  19  4:33  Zergling x2  
  19  4:35  Zergling x6  
  23  4:49  Drone x2  
  23  4:52  Spine Crawler  
Show
View Real Time Build Order
Export as new Build Order

llllllllllll Terran 

Build Orders:  

Get SALT Encoding   

  12  0:02  SCV  
  13  0:15  SCV  
  14  0:23  Supply Depot  
  14  0:26  Refinery  
  14  0:33  Refinery  
  14  0:35  SCV  
  15  0:51  Barracks  
  15  0:59  SCV  
  16  1:11  SCV  
  17  1:19  Barracks  
  17  1:24  SCV  
  18  1:40  SCV  
  18  1:42  Barracks Tech Lab  
  19  1:52  SCV  
  20  2:04  Orbital Command  
  20  2:06  Supply Depot  
  20  2:07  Concussive Shells  
  20  2:13  Barracks Reactor  
  20  2:20  Marauder  
  22  2:50  Marine x2  
  17  3:27  Marauder  
  17  3:33  Marine  
  18  3:35  Marine  
  19  3:51  Marine  
  20  3:57  Marine, Marauder  
Show
View Real Time Build Order
Export as new Build Order

SOIBOI Protoss - Winner!

Build Orders: Mass Adepts 

Get SALT Encoding   

  12  0:03  Probe  
  13  0:18  Probe  
  14  0:25  Pylon  
  14  0:30  Probe  
  15  0:41  Probe  
  15  0:47  Gateway  
  15  0:48  Assimilator  
  15  0:49  Probe  
  17  0:58  Probe  
  18  1:10  Probe  
  19  1:15  Assimilator  
  19  1:22  Probe  
  20  1:27  Pylon  
  20  1:34  Probe, Cybernetics Core  
  21  1:43  Warp Gate  
  21  1:46  Probe  
  22  2:11  Twilight Council  
  22  2:16  Pylon  
  22  2:20  Gateway  
  22  2:21  Gateway  
  22  2:27  Gateway  
  22  3:14  Adept x4  
  30  3:26  Pylon  
  21  3:50  Adept x4  
  21  3:55  Probe  
  29  4:08  Probe  
  30  4:20  Probe  
  31  4:32  Probe  
  32  4:56  Adept  
  32  4:57  Adept x3  
Show
View Real Time Build Order
Export as new Build Order

PureLegacy Terran - Winner!

Build Orders:  

Get SALT Encoding   

  12  0:02  SCV  
  14  0:14  SCV  
  14  0:18  Supply Depot  
  14  0:26  SCV  
  15  0:30  Refinery  
  15  0:40  SCV  
  16  0:46  Barracks  
  16  0:52  SCV  
  17  1:03  Barracks  
  17  1:16  Barracks  
  17  1:24  SCV  
  18  1:33  Reaper  
  19  1:40  Orbital Command  
  19  1:54  Refinery, Reaper  
  20  2:03  Supply Depot, Reaper  
  21  2:09  Reaper  
  21  2:14  SCV  
  23  2:28  Reaper  
  24  2:33  Supply Depot  
  24  2:35  SCV  
  25  2:37  Reaper  
  26  2:49  Reaper  
  27  3:00  Reaper  
  28  3:09  SCV  
  28  3:10  Reaper  
  28  3:12  Command Center  
  26  3:22  Reaper  
  27  3:49  Reaper  
  27  3:54  Barracks x2  
  27  3:55  Reaper  
  28  4:11  Reaper  
  28  4:14  SCV  
  29  4:22  Reaper  
  30  4:29  Reaper  
  30  4:30  Orbital Command  
  31  4:32  SCV  
  32  4:42  Reaper x2  
  32  4:44  SCV  
  36  4:56  SCV  
Tags
 
Add a new tag
Caveats
  • Supply blocks, unpowered buildings, or Contaminate may cause inaccurate times.
  • Supply counts are checked every 10 seconds.